AoeStats
← Peppi Legs

Arena

508819971Analyzed
4v4 RM · 8d ago on Sep 24, 2026· 41m 17s· 8 players
Game mode
Random Map
Map size
Large (8 player)
Population
200
Speed
Normal
Resources
Standard
Victory
Conquest
Starting age
Dark Age
Ending age
Imperial Age
RankedLock teamsTeams togetherTeam positionsShared explorationLock speedFull tech treeHidden civsTurbo modeCheats
Victory
Defeat
🇮🇳 Hindustanis · India
956
+14
🇨🇳 Mongols · China
947
+15
🇦🇺 Byzantines · Australia
944
+15
🇨🇳 Huns · China
940
+15
🇺🇸 Persians · United States
987
-17
🇨🇳 Mongols · China
918
-15
🇲🇽 Byzantines · Mexico
896
-14
🇨🇳 Chinese · China
873
-13
蔡徐坤
10:37 Feudal Age
10:51 Feudal Age
14:28 Castle Age
13:23 Double-Bit Axe
22:46 Wheelbarrow
22:05 Horse Collar
24:02 Hand Cart
24:04 Bow Saw
26:16 Heavy Plow
27:23 Gold Mining
27:24 Stone Mining
28:44 Gold Shaft Mining
32:08 Imperial Age
29:45 Town Watch
29:46 Loom
30:39 Forging
30:34 Scale Barding Armor
30:46 Town Patrol
31:08 Bloodlines
31:01 Marauders
31:05 Husbandry
32:17 Iron Casting
32:42 Chain Barding Armor
33:16 Conscription
34:08 Two-Man Saw
33:19 Elite Tarkan
35:19 Blast Furnace
33:47 Cavalier
37:01 Plate Barding Armor
39:05 Paladin
Peppi Legs
1:17 Loom
11:42 Feudal Age
12:35 Double-Bit Axe
12:50 Gold Mining
17:01 Castle Age
15:52 Horse Collar
18:02 Bow Saw
20:13 Wheelbarrow
21:24 Padded Archer Armor
21:16 Fletching
21:38 Stone Mining
21:12 Elite Skirmisher
23:20 Crossbowman
25:32 Bodkin Arrow
25:55 Leather Archer Armor
27:14 Pikeman
27:55 Squires
33:45 Imperial Age
32:34 Forging
32:25 Scale Mail Armor
35:39 Chemistry
35:45 Ring Archer Armor
35:17 Bracer
38:35 Arbalester
41:29 Iron Casting
41:10 Chain Mail Armor
41:08 Thumb Ring
iamlegolas312
0:28 Loom
9:52 Feudal Age
10:49 Double-Bit Axe
10:47 Horse Collar
11:48 Gold Mining
15:46 Stone Mining
22:03 Castle Age
24:04 Gold Shaft Mining
23:42 Bow Saw
23:33 Heavy Plow
23:33 Town Watch
24:29 Stone Shaft Mining
24:13 Caravan
26:52 Wheelbarrow
27:52 Hand Cart
27:34 Pikeman
28:45 Grand Trunk Road
34:26 Imperial Age
33:40 Forging
33:31 Scale Mail Armor
33:53 Bloodlines
35:14 Iron Casting
34:38 Heavy Camel Rider
36:06 Redemption
36:40 Conscription
37:33 Blast Furnace
38:13 Scale Barding Armor
38:23 Chain Mail Armor
40:05 Two-Man Saw
41:23 Chain Barding Armor
大一大万大吉
10:46 Feudal Age
15:26 Castle Age
13:15 Horse Collar
13:48 Double-Bit Axe
14:31 Loom
15:42 Stone Mining
15:44 Gold Mining
17:01 Heavy Plow
26:40 Gold Shaft Mining
28:21 Wheelbarrow
28:01 Bow Saw
28:14 Scale Barding Armor
28:20 Forging
29:24 Hand Cart
32:16 Imperial Age
30:27 Stone Shaft Mining
31:06 Bloodlines
30:57 Husbandry
31:22 Chain Barding Armor
31:37 Iron Casting
32:10 Nomads
33:22 Conscription
35:56 Blast Furnace
37:51 Elite Steppe Lancer
夏藤
2:45 Loom
10:09 Feudal Age
14:32 Castle Age
15:34 Double-Bit Axe
15:32 Horse Collar
19:14 Wheelbarrow
23:37 Bow Saw
23:29 Heavy Plow
24:17 Gold Mining
25:43 Padded Archer Armor
25:44 Stone Mining
29:22 Imperial Age
27:06 Fletching
28:08 Stone Shaft Mining
28:12 Gold Shaft Mining
28:30 Bodkin Arrow
28:42 Husbandry
28:55 Bloodlines
29:19 Leather Archer Armor
31:51 Chemistry
31:00 Thumb Ring
31:30 Conscription
32:00 Bracer
32:50 Hand Cart
33:18 Forging
33:08 Scale Mail Armor
33:35 Ballistics
37:16 Chain Mail Armor
37:37 Iron Casting
39:13 Parthian Tactics
云野现长安
0:27 Loom
10:26 Feudal Age
15:54 Castle Age
20:05 Horse Collar
22:33 Fletching
23:49 Heavy Plow
23:50 Double-Bit Axe
25:09 Bow Saw
25:35 Gold Mining
26:18 Bodkin Arrow
27:31 Gold Shaft Mining
27:52 Ballistics
30:32 Squires
33:45 Imperial Age
31:26 Padded Archer Armor
33:47 Leather Archer Armor
35:37 Chemistry
37:14 Conscription
38:13 Thumb Ring
37:29 Crossbowman
37:35 Elite Chu Ko Nu
maoguai0714
9:47 Feudal Age
14:15 Horse Collar
14:22 Double-Bit Axe
16:53 Castle Age
15:50 Forging
15:46 Scale Barding Armor
16:31 Gold Mining
16:32 Stone Mining
18:50 Loom
20:15 Heavy Plow
20:28 Bow Saw
23:13 Wheelbarrow
25:15 Hand Cart
29:52 Imperial Age
28:44 Devotion
29:46 Iron Casting
29:32 Chain Barding Armor
29:29 Bloodlines
29:19 Husbandry
31:12 Conscription
31:56 Chemistry
31:17 Ballistics
32:01 Blast Furnace
31:29 Fervor
31:35 Block Printing
34:43 Plate Barding Armor
33:59 Fletching
36:29 Theocracy
36:25 Elite War Elephant
37:19 Citadels
37:45 Hoardings
KcoasRaulMx
0:39 Loom
11:00 Feudal Age
11:53 Double-Bit Axe
18:40 Castle Age
17:19 Horse Collar
17:46 Scale Mail Armor
18:35 Gold Mining
19:34 Gambesons
24:11 Stone Mining
27:10 Treadmill Crane
29:08 Wheelbarrow
28:42 Caravan
29:02 Fletching
29:56 Ballistics
29:53 Husbandry
30:44 Heavy Plow
30:56 Squires
31:25 Forging
32:20 Chain Mail Armor
32:17 Pikeman
33:39 Bow Saw
37:06 Imperial Age
34:02 Elite Skirmisher
34:48 Thumb Ring
35:56 Scale Barding Armor
36:27 Iron Casting
36:36 Hand Cart
37:17 Chain Barding Armor
36:52 Bodkin Arrow
36:58 Padded Archer Armor
37:25 Heavy Camel Rider
41:17 Conscription
Connection lost

Rejoining the realm…

Still unreachable

The connection could not be restored.

Session expired

The server has moved on; the page needs a fresh start.